 Dungeon Crawl Stone Soup version 0.19.1-1-g22dce08 (webtiles) character file.

217 theAP the Magician (level 5, -19/28 HPs)
             Began as a Deep Elf Conjurer on Jan 6, 2017.
             Demolished by an ogre
             ... wielding a +0 giant club
              (27 damage)
             ... on level 4 of the Dungeon.
             The game lasted 00:15:21 (3062 turns).

theAP the Magician (Deep Elf Conjurer)              Turns: 3062, Time: 00:15:21

Health: -19/28     AC:  4    Str:  5    XL:     5   Next: 61%
Magic:  11/15      EV: 13    Int: 21    God:
Gold:   136        SH:  0    Dex: 15    Spells: 2 memorised, 13 levels left

rFire  . . .     SeeInvis .     (no weapon)
rCold  . . .     Gourm    .     a - +1 robe
rNeg   . . .     Faith    .     (no shield)
rPois  .         Spirit   .     (no helmet)
rElec  .         Reflect  .     o - +0 cloak
rCorr  .         Harm     .     (no gloves)
MR     .....                    (no boots)
Stlth  ++........               (no amulet)
                                (no ring)
                                f - ring of flight

@: no status effects
A: no striking features
a: Evoke Flight


You were on level 4 of the Dungeon.
You were not hungry.

You visited 1 branch of the dungeon, and saw 4 of its levels.

You collected 136 gold pieces.

Inventory:

Armour
 a - a +1 robe (worn)
 o - a +0 cloak (worn)
Jewellery
 f - a ring of flight (left hand)
Scrolls
 d - 3 scrolls of teleportation
 g - a scroll of remove curse
Potions
 e - a potion of lignification {unknown}
 i - a potion of heal wounds {unknown}
 j - a potion of ambrosia {unknown}
 l - 2 potions of mutation {unknown}
 m - a potion of resistance {unknown}
 n - a potion of curing {unknown}
 q - a potion of flight {unknown}
Books
 b - a book of Conjurations

   Spells                             Type                      Level
   a - Magic Dart                     Conjuration                  1
   b - Searing Ray                    Conjuration                  2
   c - Dazzling Spray                 Conjuration/Hexes            3
   d - Fulminant Prism                Conjuration/Hexes            4
   e - Iskenderun's Mystic Blast      Conjuration                  4
   f - Iskenderun's Battlesphere      Conjuration/Charms           5
Comestibles
 c - 4 bread rations
 h - 2 meat rations
 k - 3 beef jerkies
 p - a slice of pizza


   Skills:
 - Level 2.4 Dodging
 - Level 2.4 Stealth
 + Level 6.2 Spellcasting
 + Level 6.0 Conjurations


You had 13 spell levels left.
You knew the following spells:

 Your Spells              Type           Power        Failure   Level  Hunger
a - Magic Dart            Conj           ####         1%          1    None
b - Searing Ray           Conj           ####..       1%          2    None


Dungeon Overview and Level Annotations

Branches:
Dungeon (4/15)
 Temple: D:4-7

Altars:

Shops:
D:4 [


Message History

The ogre shouts!
Found a fizzy blue potion.
You see here 29 stones.
Casting: Magic Dart
Confirm with . or Enter, or press ? or * to list all spells.
Aiming: Searing Ray
Press: ? - help, Shift-Dir - straight line, f - worker ant
Aim: a worker ant (hasn't noticed you)
The searing ray hits the ogre.
The ogre is lightly wounded.
The ogre hits you with a giant club!!
Ouch! That really hurt!
* * * LOW HITPOINT WARNING * * *
The searing ray hits the ogre.
The ogre is heavily wounded.
The searing ray hits the ogre.
The ogre is severely wounded.
The ogre hits you with a giant club!!
Ouch! That really hurt!
You die...

#.#.....#
#######.#.....# .
#.......#.......
..
#.......##....###
... #..<....#
....# ....
#.......# ....#
..... #.......#
......###.......#
.!....aO@...#...#
......###.......#
..... ###.∩.#.#
#### #.....#
#.#..## #.#.##
#.#.# #.#.# #.#.#


You could see an ogre and a worker ant.

Vanquished Creatures
  The ghost of esteth the Conjurer, an amateur DECj (D:3)
  An adder (D:3)
  An ooze (D:1)
  2 worms
  A dart slug (D:3)
  A leopard gecko (D:3)
  6 orcs
  A giant cockroach (D:3)
  3 goblins
  11 hobgoblins
  4 quokkas
  6 bats
  5 frilled lizards
  10 kobolds
  40 rats
93 creatures vanquished.

Notes
Turn   | Place    | Note
-------+----------+-------------------------------------------
     0 | D:1      | theAP the Deep Elf Conjurer began the quest for the Orb.
     0 | D:1      | Reached XP level 1. HP: 10/10 MP: 6/6
   244 | D:1      | Reached XP level 2. HP: 15/15 MP: 0/8
   775 | D:2      | Reached skill level 5 in Conjurations
   782 | D:2      | Learned a level 2 spell: Searing Ray
   814 | D:2      | Reached XP level 3. HP: 19/19 MP: 5/10
  1809 | D:3      | Noticed esteth's ghost (amateur DECj)
  2077 | D:3      | Reached XP level 4. HP: 24/24 MP: 9/12
  2400 | D:3      | Killed esteth's ghost
  2400 | D:3      | Reached skill level 5 in Spellcasting
  2400 | D:3      | Reached XP level 5. HP: 28/28 MP: 9/15
  2963 | D:4      | Found Zaphifev's Armour Emporium.
  3055 | D:4      | Noticed an ogre
  3062 | D:4      | Demolished by an ogre

Skill      XL: |  1  2  3  4  5 |
---------------+----------------+-----
Conjurations   | 5 6 |  6.0
Spellcasting   | 4 5 6 |  6.2
Dodging        | |  2.4
Stealth        | |  2.4

Action                   |  1- 3 |  4- 6 || total
-------------------------+-------+-------++-------
Melee: Unarmed           |     4 |    39 ||    43
 Cast: Magic Dart        |   106 |    38 ||   144
       Searing Ray       |     1 |    10 ||    11
  Use: Scroll            |     5 |     2 ||     7
  Eat: Chunk             |     3 |     3 ||     6
Armor: Robe              |     4 |    15 ||    19
Dodge: Dodged            |    25 |    31 ||    56
